 Dungeon Crawl Stone Soup version 0.24-a0-397-g73b976d (webtiles) character file.

Game seed: 12211023519757604389

112 Spazmo the Magician (level 4, 0/24 HPs)
             Began as a Deep Elf Fire Elementalist on June 4, 2019.
             Was a Follower of Vehumet.
             Slain by an orc wizard
             ... wielding a +0 dagger
              (4 damage)
             ... on level 2 of the Dungeon.
             The game lasted 00:05:25 (1544 turns).

Spazmo the Magician (Deep Elf Fire Elementalist)    Turns: 1544, Time: 00:05:25

Health: 0/24       AC:  3    Str:  5    XL:     4   Next: 63%
Magic:  0/12       EV: 13    Int: 21    God:    Vehumet [*.....]
Gold:   87         SH:  0    Dex: 15    Spells: 6/12 levels left

rFire    + . .     SeeInvis .   g - +1 dagger
rCold    . . .     Gourm    .   (no shield)
rNeg     . . .     Faith    .   a - +1 robe
rPois    .         Spirit   .   (no helmet)
rElec    .         Reflect  .   (no cloak)
rCorr    .         Harm     .   (no gloves)
MR       .....     Rnd*Tele +   (no boots)
Stlth    ++........             (no amulet)
HPRegen  0.08/turn              k - ring of protection from fire
MPRegen  0.13/turn              m - ring of teleportation (curse)

@: no status effects
A: no striking features
a: Renounce Religion


You were on level 2 of the Dungeon.
You worshipped Vehumet.
Vehumet was aware of your devotion.
You were not hungry.

You visited 1 branch of the dungeon, and saw 3 of its levels.

You collected 87 gold pieces.

Inventory:

Hand Weapons
 g - a +1 dagger (weapon)
Missiles
 e - 67 stones (quivered)
Armour
 a - a +1 robe (worn)
Jewellery
 k - a ring of protection from fire (left hand)
 m - a cursed ring of teleportation (right hand)
Scrolls
 b - a scroll of enchant armour
 d - 2 scrolls of identify
 h - 2 scrolls of enchant weapon
Potions
 j - a potion of invisibility
Comestibles
 c - 5 rations
 i - a chunk of flesh


   Skills:
 - Level 2.5 Dodging
 - Level 2.5 Stealth
 + Level 4.5 Spellcasting
 + Level 2.8 Conjurations
 + Level 4.3 Fire Magic


You had 6 spell levels left.
You knew the following spells:

 Your Spells              Type           Power        Failure   Level  Hunger
a - Flame Tongue          Conj/Fire      ###..        2%          1    None
b - Throw Flame           Conj/Fire      ###...       3%          2    #......
c - Conjure Flame         Conj/Fire      ###.....     8%          3    ##.....

Your spell library contained the following spells:

 Spells                   Type           Power        Failure   Level  Hunger
 Sting                    Conj/Pois      ##..         6%          1    None
 Inner Flame              Hex/Fire       ##......     14%         3    ##.....
 Sticky Flame             Conj/Fire      ###.....     26%         4    ####...
 Fireball                 Conj/Fire      ###.......   56%         5    ######.


Dungeon Overview and Level Annotations

Branches:
Dungeon (3/15)

Altars:
Ru
Vehumet


Message History

Aiming: Flame Tongue (safe; 2% risk of failure)
Press: ? - help, Shift-Dir - straight line Something hits you but does no damage.
Casting: Flame Tongue (safe; 2% risk of failure)
Confirm with . or Enter, or press ? or * to list all spells.
Aiming: Flame Tongue (safe; 2% risk of failure)
Press: ? - help, Shift-Dir - straight line Something hits you but does no damage. x2
Casting: Flame Tongue (safe; 2% risk of failure)
Confirm with . or Enter, or press ? or * to list all spells.
Aiming: Flame Tongue (safe; 2% risk of failure)
Press: ? - help, Shift-Dir - straight line The flame tongue hits something!
Something hits you.
* * * LOW HITPOINT WARNING * * *
Casting: Flame Tongue (safe; 2% risk of failure)
Confirm with . or Enter, or press ? or * to list all spells.
Aiming: Flame Tongue (safe; 2% risk of failure)
Press: ? - help, Shift-Dir - straight line Something hits you but does no damage.
Something hits you.
You die...

...#.##########.#..........#.#.#
...#.......................#.#.#
[>.########................#.#.#
#### #.###.#<##########.#.# #.#
#.#..†.........#.# #.#
#.#.##########.#.# #.#
#.#............#.#
###.###)#{...........#.#
#.......@..###########.#
#########......................#
...................#############
#########..........#
#..........# #.........)#
#..........# #.......^..#
#..........#


There were no monsters in sight!

Vanquished Creatures
  An orc priest (D:2)
  2 adders (D:2)
  An ooze (D:2)
  A worm (D:2)
  3 leopard geckos (D:2)
  3 orcs
  A ball python (D:1)
  2 giant cockroaches (D:1)
  5 goblins
  6 hobgoblins
  4 jackals (D:2)
  A quokka (D:2)
  7 bats
  3 frilled lizards (D:1)
  5 kobolds
  6 rats
51 creatures vanquished.

Notes
Turn   | Place    | Note
-------+----------+-------------------------------------------
     0 | D:1      | Spazmo the Deep Elf Fire Elementalist began the quest for
                  | the Orb.
     0 | D:1      | Reached XP level 1. HP: 10/10 MP: 6/6
   127 | D:1      | Reached XP level 2. HP: 15/15 MP: 4/8
   131 | D:1      | Learned a level 2 spell: Throw Flame
   694 | D:2      | Reached XP level 3. HP: 19/19 MP: 5/10
   805 | D:2      | Found a radiant altar of Vehumet.
   806 | D:2      | Found a sacrificial altar of Ru.
   810 | D:2      | Became a worshipper of Vehumet
  1000 | D:2      | Learned a level 3 spell: Conjure Flame
  1133 | D:2      | Reached XP level 4. HP: 24/24 MP: 6/12
  1504 | D:3      | Reached * piety under Vehumet
  1504 | D:3      | Offered knowledge of Sting by Vehumet.
  1544 | D:2      | Slain by an orc wizard

Levels and vault maps discovered:
D:1:      lightli_arrival_maybe_door_vault, layout_loops_cross,
          minmay_misc_feat_ornament, st_stairs_12
D:2:      layout_basic, gammafunk_temple_overflow_statue
D:3:      layout_rooms, first_ration, minmay_misc_feat_x,
          kennysheep_generic_room_16

Skill      XL: |  1  2  3 |
---------------+----------+-----
Conjurations   | 2 |  2.8
Fire Magic     | 4 |  4.3
Spellcasting   | 4 |  4.5
Dodging        | |  2.5
Stealth        | |  2.5

Action                   |  1- 3 |  4- 6 || total
-------------------------+-------+-------++-------
Throw: Stone             |     5 |     1 ||     6
 Cast: Flame Tongue      |    71 |    26 ||    97
       Throw Flame       |       |     2 ||     2
  Use: Scroll            |       |     5 ||     5
  Eat: Chunk             |       |     2 ||     2
Armor: Robe              |     4 |     6 ||    10
Dodge: Dodged            |     9 |     6 ||    15

Table legend:
 A = Non-vault XP
 B = Vault XP
 C = Vault XP percentage of total XP
 D = Non-vault monster count
 E = Vault monster count
 F = Vault count percentage of total count
                 A         B        C        D         E       F
            +---------+---------+-------+---------+---------+-------
      Total |     156 |       4 |   2.5 |      49 |       2 |   3.9
            +---------+---------+-------+---------+---------+-------
        D:1 |      30 |       4 |  11.8 |      20 |       2 |   9.1
        D:2 |     119 |       0 |   0.0 |      26 |       0 |   0.0
        D:3 |       7 |       0 |   0.0 |       3 |       0 |   0.0
            +---------+---------+-------+---------+---------+-------
